 Dungeon Crawl Stone Soup version 0.26.0-41-g79a4fc7684 (webtiles) character file.

Game seed: 16429093623300916411

105808 teolandon225 the Bewitcher (level 15, -4/80 HPs)
             Began as a Spriggan Enchanter on Jan 26, 2021.
             Was the Champion of Dithmenos.
             Slain by a frost giant
             ... wielding a +2 battleaxe of freezing
              (38 damage)
             ... in an ice cave.
             The game lasted 01:36:37 (47105 turns).

teolandon225 the Bewitcher (Spriggan Enchanter)    Turns: 47105, Time: 01:36:38

Health: -4/80      AC:  6    Str:  4    XL:     15   Next: 95%
Magic:  16/28      EV: 35    Int: 23    God:    Dithmenos [******]
Gold:   1531       SH:  0    Dex: 17    Spells: 18/30 levels left

rFire    + . .     SeeInvis +   B - +4 dagger (venom)
rCold    + + .     Faith    .   (shield restricted)
rNeg     . . .     Spirit   .   x - +2 robe {rC+ rF+}
rPois    .         Reflect  .   N - +2 hood of the Assassin {Detection Stab+ Stlth++}
rElec    .         Harm     .   (no cloak)
rCorr    .         Rampage  .   (gloves unavailable)
Will     ++...                  (boots unavailable) Stlth ******++++
                                J - amulet of the acrobat
HPRegen  0.23/turn              F - ring of protection from cold
MPRegen  0.21/turn              A - +4 ring of evasion

@: wreathed by umbra, very quick
A: very small, unfitting armour, see invisible, speed 3
a: Renounce Religion, Shadow Step, Shadow Form


You were in an ice cave.
You worshipped Dithmenos.
Dithmenos was exalted by your worship.
You visited 4 branches of the dungeon, and saw 24 of its levels.
You also visited: Ossuary, Ice Cave and Volcano.

You collected 2546 gold pieces.
You spent 1015 gold pieces at shops.

Inventory:

Hand Weapons
 y - a +4 spectral dagger
 B - a +4 dagger of venom (weapon)
Armour
 x - a +2 robe of resistance (worn)
 N - the +2 hood of the Assassin (worn) {Detection Stab+ Stlth++}
   (You bought it in a shop on level 8 of the Dungeon)

   It makes you much more stealthy.
 P - the +1 robe "Fedauph" {Harm *Slow rCorr Slay+3}
   (You found it on level 2 of the Lair of Beasts)

   It affects your accuracy and damage with ranged weapons and melee attacks
   (+3).
   It provides partial protection from all sources of acid and corrosion.
   It may slow you when you take damage.
   It increases damage dealt and taken.
Jewellery
 b - an uncursed amulet of faith
 c - a +4 ring of protection
 A - a +4 ring of evasion (right hand)
 F - a ring of protection from cold (left hand)
 J - an amulet of the acrobat (around neck)
 L - an uncursed amulet of magic regeneration
 Q - an uncursed ring of wizardry
 R - an uncursed ring of poison resistance
 S - an uncursed ring of flight
 T - an uncursed ring of ice
Wands
 a - a wand of acid (8)
 v - a wand of polymorph (39)
 w - a wand of iceblast (42)
 I - a wand of enslavement (17)
 K - a wand of random effects (46)
 M - a wand of paralysis (7)
 O - a wand of disintegration (43)
 V - a wand of digging (4)
 W - a wand of flame (35)
Scrolls
 g - 10 scrolls of identify
 h - 3 scrolls of enchant armour
 j - 9 scrolls of remove curse
 n - 6 scrolls of amnesia
 q - a scroll of teleportation
 t - 2 scrolls of magic mapping
 z - 4 scrolls of fog
 X - a scroll of blinking
 Y - a scroll of silence
 Z - 2 scrolls of fear
Potions
 e - a potion of magic
 f - 3 potions of heal wounds
 i - 9 potions of curing
 l - 5 potions of haste
 m - 3 potions of ambrosia
 o - 4 potions of berserk rage
 p - 6 potions of lignification
 u - 5 potions of brilliance
 C - 3 potions of attraction
 D - 2 potions of cancellation
 E - 4 potions of might
 G - 4 potions of mutation
 H - a potion of invisibility
 U - a potion of resistance


   Skills:
 - Level 10.3 Fighting
 - Level 10.0 Short Blades
 - Level 14.7 Dodging
 - Level 15.8 Stealth
 - Level 8.0 Spellcasting
 - Level 17.6 Hexes
 - Level 4.7 Translocations
 * Level 11.3 Invocations


You had 18 spell levels left.
You knew the following spells:

 Your Spells              Type           Power        Failure   Level
a - Apportation           Tloc           60%          1%          1
e - Tukima's Dance        Hex            74%          0%          3
q - Ensorcelled Hibernat  Hex/Ice        98%          1%          2
r - Dazzling Flash        Conj/Hex       98%          1%          3
w - Confusing Touch       Hex            74%          0%          3

Your spell library contained the following spells:

 Spells                   Type           Power        Failure   Level
 Corona                   Hex            82%          0%          1
 Fulminant Prism          Conj/Hex       24%          1%          4
 Leda's Liquefaction      Hex/Erth       24%          1%          4
 Gell's Gravitas          Tloc           15%          3%          3
 Metabolic Englaciation   Hex/Ice        24%          5%          5
 Silence                  Hex/Air        24%          5%          5
 Summon Mana Viper        Hex/Summ       49%          5%          5
 Yara's Violent Unravell  Hex/Tmut       24%          5%          5
 Animate Skeleton         Necr           18%          7%          1
 Magic Dart               Conj           36%          7%          1
 Shock                    Conj/Air       36%          7%          1
 Summon Small Mammal      Summ           36%          7%          1
 Poisonous Vapours        Pois/Air       18%          11%         2
 Searing Ray              Conj           18%          11%         2
 Call Canine Familiar     Summ           9%           21%         3
 Static Discharge         Conj/Air       9%           21%         3
 Iskenderun's Mystic Bla  Conj/Tloc      20%          26%         4
 Petrify                  Tmut/Erth      9%           56%         4
 Summon Lightning Spire   Summ/Air       9%           56%         4
 Summon Forest            Summ/Tloc      10%          58%         5
 Bolt of Magma            Conj/Fire/Erth 4%           88%         5
 Borgnjor's Vile Clutch   Necr/Erth      4%           88%         5
 Summon Demon             Summ           4%           88%         5
 Conjure Ball Lightning   Conj/Air       4%           100%        6
 Shadow Creatures         Summ           N/A          100%        6
 Malign Gateway           Summ/Tloc      10%          100%        7
 Summon Hydra             Summ           4%           100%        7
 Dragon's Call            Summ           4%           100%        9
 Tornado                  Air            4%           100%        9


Dungeon Overview and Level Annotations

Branches:
Dungeon (15/15)            Temple (1/1) D:5            Lair (6/6) D:10
 Shoals (0/4) Lair:4       Spider (0/4) Lair:2        Slime (0/5) Lair:6
    Orc (2/2) D:12            Elf (0/3) Orc:2        Vaults (0/5) D:13
 Depths (0/5) D:15        Ossuary (visited)           IceCv (1/1)
Volcano (visited)

Altars:
Ashenzari
Cheibriados
Dithmenos
Elyvilon
Fedhas
Gozag
Hepliaklqana
Kikubaaqudgha
Makhleb
Nemelex Xobeh
Okawaru
Qazlal
Ru
Sif Muna
Trog
Uskayaw
Vehumet
Wu Jian
Xom
Yredelemnul
Zin
The Shining One
Beogh
Jiyva

Shops:
D:4 *   D:8 *   D:9 }   D:12 ?   D:15 :   Orc:2 **=

Annotations:
D:14 Roxanne
Lair:2 exclusion: ice statue
Lair:3 exclusion: 3 oklob plants
Lair:4 exclusion: downstairs
Lair:5 exclusion: downstairs IceCv exclusion: ice statue


Innate Abilities, Weirdness & Mutations

You are very small and have problems with some larger weapons.
You are too small for most types of armour.
You have supernaturally acute eyesight. (SInv)
You cover ground extremely quickly.


Message History

Casting: Confusing Touch (safe; 0% risk of failure)
Press: ? - help, Dir - look around, f - activate Your hands begin to glow red.
You are engulfed in freezing vapours.
You resist. The polar bear misses you. The polar bear closely misses you.
The polar bear completely misses you. The frost giant casts a spell at you.
The bolt of cold hits you! You resist.
You emit a cloud of dark smoke.
You hit the frost giant but do no damage.
The frost giant appears confused.
The frost giant is lightly wounded.
Your shadow hits the frost giant but does no damage.
You are engulfed in freezing vapours.
You resist.
The frost giant shouts!
You hit the frost giant.
The frost giant looks as sick as possible!
The frost giant is lightly wounded.
You are engulfed in freezing vapours.
You resist.
The polar bear completely misses you. x2; The polar bear misses you.
The frost giant hits you with a +2 battleaxe of freezing!!!
You die...

##.###
#.##
#.##
#..#
##≈#
##.#
#○##
#○##
#○@##
##Ch#


#hYY# ##hhY.. {Y..## #..## ..# ### You could see a frost giant (confused,
extremely poisoned), 2 polar bears and 2 yaks.

Vanquished Creatures
  Agnes (D:15)
  Kirke (D:11)
  A fire giant (D:15)
  The ghost of Moginug the Carver, a journeyman DgWn (Orc:1)
  A stone giant (D:13)
  Josephine (D:14)
  Fannar (Lair:3)
  3 boulder beetles
  10 hydras
  2 catoblepae (Lair:6)
  2 centaur warriors
  2 dancing weapons (D:13)
  A deep troll shaman (Lair:6)
  2 ogre magi
  8 two-headed ogres
  Urug (D:11)
  14 death yaks
  A tengu warrior (D:14)
  A hell knight (Volcano)
  5 unseen horrors
  Pikel (D:8)
  3 deep elf magi
  An orc knight (Orc:1)
  A wolf spider (shapeshifter) (D:14)
  2 orc sorcerers
  12 ugly things
  A cyclops (D:14)
  A wolf spider (D:15)
  A manticore (D:14)
  5 black mambas
  8 elephants
  Joseph (D:10)
  12 cane toads
  A gargoyle (D:15)
  4 rime drakes
  A torpor snail (Lair:2)
  A yaktaur (Volcano)
  9 komodo dragons
  Maggie (D:7)
  An efreet (D:14)
  A freezing wraith (Lair:2)
  4 trolls
  A troll (shapeshifter) (D:15)
  3 jumping spiders (Lair:2)
  15 polar bears
  A harpy skeleton (D:14)
  A hornet (Lair:3)
  Prince Ribbit (D:8)
  9 slime creatures
  15 blink frogs
  A dream sheep (Lair:3)
  A snapping turtle (Lair:4)
  3 shadows
  7 wyverns
  2 redbacks (Lair:2)
  A tarantella (shapeshifter) (D:15)
  5 fire bats (Volcano)
  3 basilisks
  6 wraiths
  64 yaks
  3 hogs (D:11)
  16 vampire mosquitoes
  2 steam dragons (D:7)
  2 wargs (Orc:1)
  20 water moccasins
  15 orc warriors
  A sky beast (D:6)
  A black bear (Lair:6)
  An eye of draining (shapeshifter) (D:12)
  12 ice beasts
  2 phantoms
  26 wolves
  16 ogres
  4 lemures (D:8)
  22 centaurs
  A big kobold (D:7)
  15 bullfrogs
  8 scorpions
  2 wyvern skeletons
  17 killer bees
  13 wights
  A howler monkey (D:8)
  5 lava snakes (Volcano)
  6 centaur zombies
  2 quasits
  3 jellies
  22 orc wizards
  3 bullfrog zombies
  A gnoll shaman (D:7)
  10 orc priests
  3 centaur skeletons
  10 hounds
  3 bullfrog skeletons
  6 iguanas
  7 hell rats
  21 worker ants
  3 ogre zombies (Ossuary)
  A hound zombie (D:8)
  7 mummies (Ossuary)
  A howler monkey skeleton (D:8)
  16 adders
  5 gnolls (D:7)
  3 shadow imps
  5 white imps
  An ufetubus (D:10)
  2 oozes (D:4)
  4 adder zombies (Ossuary)
  2 adder skeletons (D:9)
  A worm (D:3)
  3 dart slugs
  2 leopard geckos (D:7)
  76 orcs
  5 bats
  8 giant cockroaches
  2 gnoll zombies (Ossuary)
  8 goblins
  7 hobgoblins
  9 jackals
  7 kobolds
  5 quokkas
  4 ball pythons
  4 frilled lizards
  A goblin zombie (Ossuary)
  8 hobgoblin zombies (Ossuary)
  A jackal zombie (D:5)
  2 kobold zombies (Ossuary)
  2 leopard gecko skeletons (D:5)
  A quokka skeleton (D:9)
  4 quokka zombies (Ossuary)
  7 rats
  4 rat zombies (Ossuary)
793 creatures vanquished.

Vanquished Creatures (collateral kills)
  Sonja (Lair:2)
  3 wights
  2 orcs (D:8)
6 creatures vanquished.

Vanquished Creatures (others)
  A dancing weapon (D:8)
  A human (D:12)
  An orc wizard (Orc:1)
  2 orcs (D:12)
  A quokka (D:5)
  A quokka skeleton (D:5)
  38 fungi
  77 plants
  3 toadstools (D:10)
125 creatures vanquished.

Grand Total: 924 creatures vanquished

Notes
Turn   | Place    | Note
-------+----------+-------------------------------------------
     0 | D:1      | teolandon225 the Spriggan Enchanter began the quest for the
                  | Orb.
     0 | D:1      | Reached XP level 1. HP: 9/9 MP: 5/5
   249 | D:1      | Reached XP level 2. HP: 8/13 MP: 4/6
   267 | D:1      | Reached skill level 4 in Hexes
   470 | D:1      | Learned a level 2 spell: Ensorcelled Hibernation
   487 | D:1      | Reached skill level 5 in Stealth
   805 | D:1      | Upgraded the game from 0.26.0-20-g3ca415f5b8 to
                  | 0.26.0-41-g79a4fc7684
  1215 | D:2      | Reached XP level 3. HP: 7/16 MP: 0/8
  1219 | D:2      | Learned a level 3 spell: Confusing Touch
  2529 | D:3      | Reached XP level 4. HP: 21/21 MP: 6/9
  3264 | D:3      | Reached skill level 5 in Hexes
  3686 | D:4      | Found Sudgh's Assorted Antiques.
  3765 | D:4      | Reached XP level 5. HP: 24/24 MP: 1/10
  3863 | D:4      | Learned a level 3 spell: Tukima's Dance
  4048 | D:5      | Entered Level 5 of the Dungeon
  4103 | D:5      | Noticed an ogre
  4107 | D:5      | Killed an ogre
  4108 | D:5      | Reached XP level 6. HP: 28/28 MP: 11/11
  4290 | D:5      | Reached skill level 6 in Hexes
  4386 | D:5      | Found a staircase to the Ecumenical Temple.
  4395 | Temple   | Entered the Ecumenical Temple
  4438 | Temple   | Became a worshipper of Dithmenos the Shadowed
  4485 | D:5      | Reached skill level 5 in Dodging
  5086 | D:4      | Reached XP level 7. HP: 32/32 MP: 9/12
  5405 | D:4      | Bought an encrusted jade ring for 115 gold pieces
  5617 | D:5      | Reached skill level 7 in Hexes
  6806 | D:5      | Reached skill level 10 in Stealth
  7375 | D:5      | Reached XP level 8. HP: 36/36 MP: 8/13
  7391 | D:5      | Reached * piety under Dithmenos
  7497 | D:5      | Reached skill level 8 in Hexes
  7909 | D:5      | Found a white marble altar of Elyvilon.
  8320 | D:6      | Noticed a troll
  8335 | D:6      | Killed a troll
  8487 | D:6      | Reached skill level 9 in Hexes
  8954 | D:6      | Reached ** piety under Dithmenos
  9467 | D:6      | Got a glimmering great sword
 10374 | D:7      | Reached XP level 9. HP: 35/39 MP: 6/14
 10698 | D:7      | Reached skill level 10 in Hexes
 10750 | D:7      | Noticed Maggie
 10970 | D:7      | Killed Maggie
 11365 | D:7      | Reached *** piety under Dithmenos
 12009 | D:8      | Found Ycvuen's General Store.
 12009 | D:8      | Noticed a skeletal warrior
 12009 | D:8      | Noticed a skeletal warrior
 12034 | D:8      | Reached skill level 11 in Hexes
 12091 | D:8      | Found a sand-covered staircase.
 12099 | Ossuary  | Entered an ossuary
 12445 | Ossuary  | Reached **** piety under Dithmenos
 13024 | D:8      | Noticed a skeletal warrior
 13067 | D:8      | Reached XP level 10. HP: 44/44 MP: 12/15
 13110 | D:8      | Noticed Prince Ribbit
 13120 | D:8      | Killed Prince Ribbit
 13582 | D:8      | Noticed an unseen horror
 13589 | D:8      | Killed an unseen horror
 13830 | D:8      | Reached skill level 10 in Dodging
 14263 | D:8      | Noticed a skeletal warrior
 14263 | D:8      | Noticed a skeletal warrior
 14418 | D:8      | Learned a level 3 spell: Dazzling Flash
 14420 | D:8      | Learned a level 1 spell: Apportation
 15331 | D:9      | Noticed Pikel
 15373 | D:8      | Reached skill level 12 in Hexes
 15593 | D:9      | Noticed a two-headed ogre
 15771 | D:8      | Killed a two-headed ogre
 15772 | D:8      | Reached skill level 15 in Stealth
 15977 | D:8      | Killed Pikel
 16471 | D:9      | Found Siuruk's Gadget Emporium.
 16855 | D:10     | Entered Level 10 of the Dungeon
 17193 | D:10     | Reached ***** piety under Dithmenos
 17268 | D:10     | Reached skill level 1 in Fighting
 17273 | D:10     | Reached XP level 11. HP: 49/49 MP: 10/16
 17279 | D:10     | Reached skill level 13 in Hexes
 17280 | D:10     | Noticed Joseph
 17434 | D:10     | Killed Joseph
 17603 | D:10     | Found a staircase to the Lair.
 17740 | D:10     | Noticed an eight-headed hydra
 17746 | D:10     | Killed an eight-headed hydra
 18096 | D:11     | Noticed Urug
 18107 | D:11     | Killed Urug
 18206 | D:11     | Noticed a purple ugly thing
 18230 | D:11     | Killed a purple ugly thing
 18404 | D:11     | Reached skill level 5 in Spellcasting
 18524 | D:11     | Reached skill level 14 in Hexes
 18845 | D:11     | Noticed a two-headed ogre
 18852 | D:11     | Killed a two-headed ogre
 19026 | D:11     | Reached skill level 5 in Fighting
 19210 | Lair:1   | Entered Level 1 of the Lair of Beasts
 19225 | Lair:1   | Reached XP level 12. HP: 60/60 MP: 18/21
 19425 | D:8      | Bought the +2 hood of the Assassin {Detection Stab+
                  | Stlth++} for 900 gold pieces
 19425 | D:8      | Found the +2 hood of the Assassin {Detection Stab+ Stlth++}
 19735 | Lair:1   | Lost strength.
 20536 | Lair:2   | Noticed Sonja
 20618 | Lair:2   | Killed Sonja
 20618 | Lair:2   | Reached ****** piety under Dithmenos
 20870 | Lair:2   | Found a hole to the Spider Nest.
 20968 | Lair:2   | Reached skill level 15 in Hexes
 21823 | Lair:2   | Got a slimy robe
 21833 | Lair:2   | Identified the cursed +1 robe "Fedauph" {Harm *Slow rCorr
                  | Slay+3} (You found it on level 2 of the Lair of Beasts)
 22093 | Lair:3   | Noticed Fannar
 22095 | Lair:3   | Killed Fannar
 22658 | Lair:3   | Noticed a four-headed hydra
 22674 | Lair:3   | Killed a four-headed hydra
 22675 | Lair:3   | Reached XP level 13. HP: 67/67 MP: 19/25
 23324 | Lair:4   | Found a staircase to the Shoals.
 24018 | Lair:4   | Reached skill level 16 in Hexes
 24294 | Lair:4   | Found a staircase to the Shoals.
 25853 | Lair:4   | Found a staircase to the Shoals.
 26243 | Lair:5   | Found a dark tunnel.
 26252 | Volcano  | Entered a volcano
 26517 | Volcano  | Found a bloodstained altar of Trog.
 26673 | Volcano  | Found a bloodstained altar of Trog.
 27652 | Lair:6   | Entered Level 6 of the Lair of Beasts
 27922 | Lair:4   | Reached skill level 17 in Hexes
 29001 | Lair:5   | Reached XP level 14. HP: 60/75 MP: 23/27
 29558 | Lair:5   | Reached skill level 1 in Translocations
 29558 | Lair:5   | Reached skill level 1 in Invocations
 30226 | Lair:6   | Found a viscous altar of Jiyva.
 30227 | Lair:6   | Found a staircase to the Slime Pits.
 31829 | Lair:6   | Found a glowing golden altar of the Shining One.
 34624 | Lair:4   | Reached skill level 10 in Fighting
 35426 | Lair:6   | Identified the Grimoire of Enchanting Flight
 37371 | D:12     | Found Kubroen's Magic Scroll Emporium.
 37371 | D:12     | Noticed Kirke
 37379 | D:11     | Reached skill level 5 in Invocations
 38345 | D:11     | Killed Kirke
 39292 | D:12     | Found a staircase to the Orcish Mines.
 39409 | D:12     | Reached skill level 5 in Short Blades
 39663 | D:13     | Found a gate to the Vaults.
 39889 | D:13     | Reached XP level 15. HP: 34/80 MP: 18/28
 42049 | D:14     | Identified the Collected Works on the Mountains and
                  | Lightness
 42426 | D:14     | Got a twitching gossamer ring
 42433 | D:14     | Identified the cursed ring "Ketoes" {*Contam +Fly rElec
                  | Str-4 SInv} (You found it on level 14 of the Dungeon)
 42466 | D:14     | Noticed Josephine
 42468 | D:14     | Killed Josephine
 42501 | D:14     | Found a stormy altar of Qazlal.
 42716 | D:14     | Noticed Roxanne
 43297 | D:15     | Entered Level 15 of the Dungeon
 43885 | D:15     | Noticed Agnes
 43887 | D:15     | Killed Agnes
 44061 | D:15     | Found Xamurubb's Book Shop.
 44121 | D:15     | Found a staircase to the Depths.
 44122 | D:15     | Noticed a fire giant
 44145 | D:15     | Killed a fire giant
 44146 | D:15     | Reached skill level 10 in Invocations
 44302 | Orc:1    | Entered Level 1 of the Orcish Mines
 44627 | Orc:1    | Found a runed translucent door.
 44630 | Orc:1    | Noticed Moginug's ghost (journeyman DgWn)
 45071 | Orc:1    | Killed Moginug's ghost
 45076 | Orc:1    | Identified the Papyrus of Unstable Creation
 45106 | Orc:2    | Entered Level 2 of the Orcish Mines
 45106 | Orc:2    | Found a staircase to the Elven Halls.
 45109 | Orc:2    | Reached skill level 10 in Short Blades
 45319 | Orc:2    | Found a roughly hewn altar of Beogh.
 45323 | Orc:2    | Found a frozen archway.
 45326 | Orc:2    | Found Nawet's Assorted Antiques.
 45343 | Orc:2    | Found Riocrog's General Store.
 45350 | Orc:2    | Found Meinge's Jewellery Shoppe.
 45360 | IceCv    | Entered an ice cave
 47079 | IceCv    | Noticed a frost giant
 47105 | IceCv    | Slain by a frost giant

Illustrated notes

Levels and vault maps discovered:
D:1:      amcnicky_arrival_choice, layout_loops_ring
D:2:      minmay_wonky_spiral, layout_basic
D:3:      layout_basic
D:4:      kennysheep_spiral_hall, layout_loops_ring, serial_shops,
          kennysheep_little_box
D:5:      cheibrodos_fzero, layout_gridville, elyvilon_altar_4,
          minmay_temple_entry_stoned_glass, amcnicky_mini_pool_medium
D:6:      layout_basic
D:7:      cheibrodos_steamvent, layout_loops_ring, uniq_maggie
D:8:      layout_gridville, serial_shops, shop, nicolae_ossuary_entry_ruins,
          uniq_prince_ribbit1
D:9:      layout_stronghold, serial_shops, shop, uniq_pikel
D:10:     layout_rooms, minmay_lair_entry_grove, minmay_gold_behind_fungi,
          uniq_joseph
D:11:     layout_roguey, uniq_urug
D:12:     layout_cave_pools, orc_0_dummy, serial_shops, shop, uniq_kirke
D:13:     layout_stronghold, erik_vaults_1, serial_rivers,
          chequers_serial_rivers_micro_c, chequers_serial_rivers_large_a,
          chequers_serial_rivers_large_b, chequers_serial_rivers_room_b
D:14:     minmay_strange_plus, layout_long_grid, nrook_mini_vaults,
          nicolae_qazlal_eye_of_the_storm, uniq_josephine, uniq_roxanne
D:15:     grunt_enter_depths_giant_problem, layout_loops_ring, serial_shops,
          nicolae_shop_behind_doors, chequers_avenue, uniq_agnes
Temple:   compressed_dpeg_circular_temple
Lair:1:   layout_gridlike
Lair:2:   layout_loops_ring, nicolae_spider_entry_tight_spaces, st_stairs_5,
          chequers_serial_rivers_small_a, ice2_lemuel, uniq_sonja
Lair:3:   layout_regular_city, minmay_lair_oklob_chamber, uniq_fannar
Lair:4:   layout_misc_corridors, minmay_shoals_entry_hut
Lair:5:   layout_concentric_octagons, lightli_volcano_entry_magma_tube
Lair:6:   grunt_lair_end_beastmaster, layout_gridlike, slime_altar_1,
          lemuel_centaur_altar, infiniplex_staircase_pool_2
Orc:1:    layout_diamond_mine, ebering_ghost_inner_flame, mines4_lemuel
Orc:2:    st_orc_pillars, layout_caves, basic_altar,
          portal_ice_cave_entry_pillars_1, serial_shops, shop, shop,
          nicolae_shop_behind_doors, shop, lightli_orcish_oven
IceCv:    ice_cave_caverns_03

Skill      XL: |  1  2  3  4  5  6  7  8  9 10 11 12 13 14 15 |
---------------+----------------------------------------------+-----
Hexes          | 4 5 6 7 9 11 12 14 15 17 | 17.6
Stealth        | 5 6 7 8 10 12 14 15 | 15.8
Dodging        | 4 5 6 8 9 10 12 13 14 | 14.7
Fighting       | 1 5 7 9 10 | 10.3
Spellcasting   | 3 5 7 8 |  8.0
Translocations | 4 |  4.7
Invocations    | 7 11 | 11.3
Short Blades   | 5 10 | 10.0

Action                   |  1- 3 |  4- 6 |  7- 9 | 10-12 | 13-15 || total
-------------------------+-------+-------+-------+-------+-------++-------
Melee: Dagger            |    70 |    71 |   483 |   412 |  1036 ||  2072
Throw: Stone             |       |       |       |     4 |     2 ||     6
 Cast: Corona            |     6 |       |       |       |       ||     6
       Ensorcelled Hiber |    30 |    47 |   129 |   175 |   345 ||   726
       Confusing Touch   |       |     1 |    32 |    18 |    71 ||   122
       Tukima's Dance    |       |     1 |     7 |    13 |     5 ||    26
       Dazzling Flash    |       |       |       |    11 |    60 ||    71
       Apportation       |       |       |       |     8 |     5 ||    13
Invok: Shadow Step       |       |       |       |       |     2 ||     2
       Shadow Form       |       |       |       |       |     1 ||     1
Evoke: Wand              |       |       |       |     1 |     3 ||     4
  Use: Scroll            |       |     2 |    18 |     9 |    22 ||    51
       Potion            |       |       |       |     1 |    11 ||    12
 Stab: Sleeping          |    30 |    32 |   113 |   179 |   276 ||   630
       Confused          |       |     1 |    27 |    14 |    72 ||   114
       Distracted        |       |       |     1 |       |     3 ||     4
       Invisible         |       |       |       |     7 |    19 ||    26
Armor: Robe              |     6 |     3 |    14 |    13 |    42 ||    78
Dodge: Dodged            |    51 |    50 |   402 |   494 |  1669 ||  2666
